 Dungeon Crawl Stone Soup version 0.26-a0-651-gb41185065b (webtiles) character file.

Game seed: 1168320459170836805

21 Lanoc the Insei (level 2, -2/21 HPs)
             Began as a Demonspawn Transmuter on Oct 8, 2020.
             Killed from afar by Natasha (11 damage)
             ... with a magic dart
             ... on level 2 of the Dungeon.
             The game lasted 00:01:08 (985 turns).

Lanoc the Insei (Demonspawn Transmuter)              Turns: 985, Time: 00:01:09

Health: -2/21      AC:  2    Str: 10    XL:     2   Next: 62%
Magic:  1/5        EV: 12    Int: 14    God:
Gold:   133        SH:  0    Dex: 13    Spells: 2/5 levels left

rFire    . . .     SeeInvis .     - Unarmed
rCold    . . .     Faith    .   (no shield)
rNeg     . . .     Spirit   .   a - +0 robe
rPois    .         Reflect  .   (helmet currently unavailable)
rElec    .         Harm     .   (no cloak)
rCorr    .         Rampage  .   (no gloves)
MR       .....                  (boots currently unavailable)
Stlth    +.........             (no amulet)
HPRegen  0.07/turn              c - ring of wizardry
MPRegen  0.09/turn              (no ring)

@: appendages, wereblooded, very slightly contaminated
A: antennae 1, talons 2
a: End Transformation


You were on level 2 of the Dungeon.
You had grown temporary talons.
You visited 1 branch of the dungeon, and saw 2 of its levels.

You collected 133 gold pieces.

Inventory:

Armour
 a - a +0 robe (worn)
Jewellery
 c - a ring of wizardry (left hand)
Scrolls
 b - 4 scrolls of blinking {unknown}
 e - 2 scrolls of teleportation {unknown}
 g - 5 scrolls of identify {unknown}
 h - a scroll of remove curse {unknown}
Potions
 d - a potion of curing {unknown}
 f - a potion of berserk rage {unknown}


   Skills:
 + Level 1.4 Fighting
 + Level 2.0 Dodging
 * Level 3.1 Unarmed Combat
 - Level 2.0 Spellcasting
 + Level 2.0 Transmutations


You had 2 spell levels left.
You knew the following spells:

 Your Spells              Type           Power        Failure   Level
a - Beastly Appendage     Tmut           #.....       4%          1
b - Wereblood             Tmut           #.......     6%          2

Your spell library contained the following spells:

 Spells                   Type           Power        Failure   Level
 Spider Form              Tmut/Pois      #.........   19%         3
 Ice Form                 Ice/Tmut       #.......     50%         4
 Blade Hands              Tmut           #.........   71%         5


Dungeon Overview and Level Annotations

Branches:
Dungeon (2/15)

Altars:

Annotations:
D:2 Natasha


Innate Abilities, Weirdness & Mutations

You have a pair of small antennae on your head.
You have razor-sharp toenails.


Message History

Casting: Wereblood (safe; 6% risk of failure)
Confirm with . or Enter, or press ? or * to list all spells.
You miscast Beastly Appendage.
You are very lightly contaminated with residual magic.
Nothing appears to happen.
Natasha stares at you and mumbles some strange words.
The magic dart hits you!
Casting: Beastly Appendage (safe; 4% risk of failure)
Confirm with . or Enter, or press ? or * to list all spells.
Your blood is infused with primal strength.
Natasha claws you.
You are too injured to fight recklessly!
Casting: Wereblood (safe; 6% risk of failure)
Confirm with . or Enter, or press ? or * to list all spells.
Your feet morph into talons.
Natasha barely misses you.
You closely miss Natasha.
Natasha stares at you and mumbles some strange words.
The magic dart hits you!
Ouch! That really hurt!
You die...

..#####
.....##
##.h.##
#...@.#######
##.#.........
#...########
##.## #.#
##'## ##...##
##.....##
##.......##


You could see Natasha.

Vanquished Creatures
  2 giant cockroaches
  4 goblins (D:1)
  4 jackals (D:1)
  3 kobolds (D:1)
  A ball python (D:1)
  A bat (D:1)
  4 rats (D:1)
19 creatures vanquished.

Vanquished Creatures (others)
  2 fungi (D:1)
  3 toadstools (D:1)
5 creatures vanquished.

Grand Total: 24 creatures vanquished

Notes
Turn   | Place    | Note
-------+----------+-------------------------------------------
     0 | D:1      | Lanoc the Demonspawn Transmuter began the quest for the
                  | Orb.
     0 | D:1      | Reached XP level 1. HP: 15/15 MP: 3/3
   220 | D:1      | Lost mutation: You have a pair of horns on your head.
                  | [demonic ancestry]
   220 | D:1      | Lost mutation: You have a pair of small horns on your head.
                  | [demonic ancestry]
   220 | D:1      | Gained mutation: You have a pair of small antennae on your
                  | head. [demonic ancestry]
   220 | D:1      | Reached XP level 2. HP: 21/21 MP: 3/5
   404 | D:1      | Reached skill level 3 in Unarmed Combat
   443 | D:1      | Learned a level 2 spell: Wereblood
   980 | D:2      | Noticed Natasha
   985 | D:2      | Killed from afar by Natasha

Illustrated notes

Levels and vault maps discovered:
D:1:      dpeg_arrival_tiny_j, layout_rooms, grunt_decor_arrowhead,
          minmay_gold_behind_fungi, minmay_vboxes
D:2:      layout_loops_corners, uniq_natasha, uniq_terence

Skill      XL: |  1  2 |
---------------+-------+-----
Dodging        | 2 |  2.0
Transmutations | 2 |  2.0
Unarmed Combat | 3 |  3.1
Fighting       | |  1.4
Spellcasting   | |  2.0

Action                   || total
-------------------------++-------
Melee: Unarmed           ||    49
       Kick              ||    11
       Headbutt          ||     2
 Cast: Beastly Appendage ||    13
       Wereblood         ||     5
 Stab: Sleeping          ||     1
Armor: Robe              ||     9
Dodge: Dodged            ||    31

Table legend: (Time is in decaauts)
 A = Elapsed time spent in this place.
 B = Non-inter-level travel time spent in this place.
 C = Inter-level travel time spent in this place.
 D = Time resting spent in this place.
 E = Time spent auto-exploring this place.
 F = Levels seen in this place.
 G = Mean time per level.
                   A        B        C        D        E       F      G
               +--------+--------+--------+--------+--------+-----+--------+
         Total |    981 |    947 |     34 |      0 |    812 |   2 |  490.5 |
       Dungeon |    981 |    947 |     34 |      0 |    812 |   2 |  490.5 |
               +--------+--------+--------+--------+--------+-----+--------+

Top non-repeatable levels by time:
     D:1: 930 daAuts
     D:2: 50 daAuts
